 Dungeon Crawl Stone Soup version 0.30-a0-371-gad7725a93e (webtiles) character file.

Game seed: 1216977340134285993

18165 qeuew the Skirmisher (level 12, 0/92 HPs)
             Began as a Formicid Hunter on Nov 20, 2022.
             Was a Priest of Dithmenos.
             Slain by a two-headed ogre
             ... wielding a +0 giant club
              (29 damage)
             ... on level 10 of the Dungeon.
             The game lasted 00:28:48 (14010 turns).

qeuew the Skirmisher (Formicid Hunter)             Turns: 14010, Time: 00:28:48

Health: 0/92       AC: 12    Str: 15    XL:     12   Next: 91%
Magic:  15/15      EV: 18    Int: 11    God:    Dithmenos [***...]
Gold:   628        SH:  0    Dex: 21    Spells: 11/11 levels left

rFire   + . .      SeeInvis +    z - +4 great sword (protect)
rCold   . . .      Faith    .    (no shield)
rNeg    . . .      Spirit   .    o - +0 steam dragon scales
rPois   +          Reflect  .    (helmet unavailable)
rElec   +          Harm     .    (no cloak)
rCorr   .          Rampage  .    c - +0 pair of gloves
Will    +....                    w - +1 pair of boots of Polytheism {rElec}
Stlth   ++++++....               (no amulet)
HPRegen 0.35/turn                v - ring of poison resistance
MPRegen 0.14/turn                (no ring)

@: wreathed by umbra
A: permanent stasis, dig shafts and tunnels, antennae 3, four strong arms,
iridescent scales 1, fire resistance 1, evolution 1
a: Dig, Shaft Self, Renounce Religion, Shadow Step


You were on level 10 of the Dungeon.
You worshipped Dithmenos.
Dithmenos was most pleased with you.
You visited 2 branches of the dungeon, and saw 11 of its levels.
You visited the Abyss 1 time.
You also visited: Bailey.

You collected 628 gold pieces.

Inventory:

Hand Weapons
 s - a +2 vorpal shortbow
 t - a +2 scimitar of flaming
 z - a +4 great sword of protection (weapon)
Missiles
 n - 2 throwing nets
Armour
 c - a +0 pair of gloves (worn)
 o - +0 steam dragon scales (worn)
 w - the +1 pair of boots of Polytheism (worn) {rElec}
   (You acquired it in a bailey)

   rElec:     It insulates you from electricity.
Jewellery
 v - a ring of poison resistance (left hand)
 B - a ring of positive energy
Wands
 a - a wand of mindburst (7)
 b - a wand of digging (8)
 p - a wand of charming (10)
 x - a wand of iceblast (1)
Scrolls
 f - 2 scrolls of enchant weapon
 i - 2 scrolls of magic mapping
 l - 4 scrolls of identify
 m - a scroll of fear
 q - a scroll of fog
 y - a scroll of brand weapon
 A - a scroll of silence
Potions
 d - 3 potions of curing
 e - 3 potions of cancellation
 g - a potion of mutation
 h - 5 potions of brilliance
 j - 2 potions of resistance
 k - 2 potions of flight
 u - 2 potions of might


   Skills:
 + Level 8.0 Fighting
 + Level 4.0 Long Blades
 * Level 11.9 Ranged Weapons
 + Level 7.5 Armour
 + Level 8.2 Dodging
 + Level 9.2 Stealth
 + Level 5.3 Invocations
 + Level 4.9 Evocations


You had 11 spell levels left.
You didn't know any spells.
Your spell library contained the following spells:

 Spells                   Type           Power      Damage    Failure   Level
 Apportation              Tloc           0%         N/A       34%         1
 Necrotise                Necr           0%         1d4       34%         1
 Summon Small Mammal      Summ           0%         N/A       34%         1
 Momentum Strike          Conj/Tloc      0%         3d8       47%         2
 Call Canine Familiar     Summ           0%         N/A       71%         3
 Gell's Gravitas          Tloc           0%         N/A       71%         3
 Lesser Beckoning         Tloc           0%         N/A       71%         3
 Summon Guardian Golem    Hex/Summ       0%         N/A       71%         3
 Teleport Other           Tloc           0%         N/A       71%         3
 Dispersal                Tloc           0%         N/A       100%        6
 Blink                    Tloc           Unusable   N/A       N/A         2

Dungeon Overview and Level Annotations

Branches:
Dungeon (10/15)            Temple (1/1) D:5            Lair (0/5) D:10
 Bailey (visited)
    Orc: D:9-12

Altars:
Dithmenos
Gozag
Hepliaklqana
Kikubaaqudgha
Nemelex Xobeh
Sif Muna
Xom
The Shining One


Innate Abilities, Weirdness & Mutations

You cannot be hasted, slowed, berserked, paralysed or teleported.
You can dig through walls and to a lower floor.
You have a pair of large antennae on your head. (SInv)
Your four strong arms can wield two-handed weapons with a shield.
You are partially covered in iridescent scales. (AC +2)
Your flesh is heat resistant. (rF+)
You have hidden genetic potential.


Message History

The unseen horror hits you but does no damage.
The two-headed ogre hits you but does no damage.
The two-headed ogre hits you with a +0 giant spiked club!
The steam dragon breathes steam at you. The ball of steam hits you. You resist.
You shoot an arrow.
The arrow hits the unseen horror but does no damage.
The unseen horror is almost dead.
The unseen horror hits you.
You shoot an arrow.
The arrow hits the two-headed ogre but does no damage.
The two-headed ogre is heavily wounded.
The unseen horror hits you! The steam dragon barely misses you. x2
The two-headed ogre completely misses you.
The two-headed ogre hits you with a +0 giant spiked club!
The unseen horror hits you but does no damage.
You shoot an arrow. The arrow hits the unseen horror.
The unseen horror is almost dead.
The unseen horror barely misses you. The steam dragon barely misses you.
The steam dragon misses you.
The two-headed ogre hits you with a +0 giant club!
The two-headed ogre hits you with a +0 giant spiked club!!
* * * LOW HITPOINT WARNING * * *
You are too injured to fight recklessly!
You are too injured to fight recklessly!
You are too injured to fight recklessly!
Unknown command.
You feel much better.
The unseen horror is engulfed in a cloud of scalding steam.
The unseen horror dies!
The steam dragon closely misses you.
The steam dragon claws you but does no damage.
Your Long Blades skill increases to level 4!
Unknown command.
Your +4 great sword of protection hums with potential!
z - a +4 great sword of protection (weapon)
The steam dragon barely misses you.
The steam dragon claws you but does no damage.
The two-headed ogre hits you with a +0 giant club!!
You die...

#..D... ##.....## .
#....... ... ##.....#
... ###.....# ...
##.......# #..
.....##.## .# .#
......DO# .## #..
......§@## ..## #. #
.......§§#####...###.
#
#....#..§......#.....
###..###......##
#..## ##..........#
#..# #..........#
#..### ..#..####...#
#..... .....
###.#####..... #.##.
##..##..###..


You could see a two-headed ogre and a steam dragon.

Vanquished Creatures
  Erolcha (D:10)
  A sixfirhy (Abyss:1)
  Pikel (D:8)
  An unseen horror zombie (D:9)
  Maggie (D:8)
  A komodo dragon (D:7)
  A troll (D:8)
  A hornet (D:10)
  A wraith (D:9)
  A wyvern (D:8)
  A shadow (Abyss:1)
  3 yaks (D:10)
  A vampire (D:9)
  3 fire bats (Abyss:2)
  3 vampire mosquitoes (D:8)
  2 steam dragons
  Grum (D:8)
  Menkaure (D:6)
  A small abomination (Abyss:2)
  A water moccasin (D:6)
  2 sky beasts
  11 orc warriors
  A hornet zombie (D:9)
  7 centaurs
  6 ogres
  3 wolves (D:8)
  3 lemures (D:8)
  A phantom (D:7)
  4 kobold brigands (D:7)
  3 bullfrogs
  A gnoll sergeant (D:6)
  A necrophage (D:6)
  7 scorpions
  9 wights
  10 killer bees
  A centaur zombie (D:9)
  5 hounds
  2 jellies
  3 gnoll boudas
  9 orc priests
  3 iguanas
  10 orc wizards
  A centaur simulacrum (D:9)
  A howler monkey zombie (D:9)
  25 gnolls
  9 adders
  A white imp (D:6)
  An ufetubus (D:6)
  2 worms
  2 dart slugs
  41 orcs
  6 bats
  10 endoplasms
  4 giant cockroaches
  11 goblins
  9 hobgoblins
  2 jackals (D:2)
  5 kobolds
  5 ball pythons
  4 frilled lizards
  3 rats
271 creatures vanquished.

Vanquished Creatures (others)
  An unseen horror (D:10)
  A phantom (D:5)
  An orc (D:9)
  7 fungi
  6 plants
16 creatures vanquished.

Grand Total: 287 creatures vanquished

Notes
Turn   | Place    | Note
-------+----------+-------------------------------------------
     0 | D:1      | qeuew the Formicid Hunter began the quest for the Orb.
     0 | D:1      | Reached XP level 1. HP: 16/16 MP: 1/1
   136 | D:1      | Reached XP level 2. HP: 23/23 MP: 2/2
   286 | D:1      | Reached XP level 3. HP: 28/28 MP: 3/3
   342 | D:1      | Reached skill level 1 in Armour
   760 | D:2      | Reached XP level 4. HP: 26/34 MP: 4/4
   864 | D:2      | Found a faded altar of an unknown god.
  1563 | D:3      | Found a shimmering altar of Xom.
  1563 | D:3      | Found a glowing golden altar of the Shining One.
  1563 | D:3      | Found an ancient bone altar of Kikubaaqudgha.
  1632 | D:3      | Reached XP level 5. HP: 41/41 MP: 5/5
  2459 | D:4      | Reached XP level 6. HP: 47/47 MP: 6/6
  2468 | D:4      | Found a shimmering blue altar of Sif Muna.
  3158 | D:5      | Entered Level 5 of the Dungeon
  3395 | D:5      | You fall into a shaft and drop 1 floor!
  3419 | D:6      | Reached skill level 5 in Ranged Weapons
  3419 | D:6      | Reached XP level 7. HP: 11/54 MP: 7/7
  4062 | D:5      | Reached XP level 8. HP: 24/61 MP: 8/8
  4201 | D:5      | Reached skill level 5 in Stealth
  4595 | D:5      | Found a staircase to the Ecumenical Temple.
  4634 | Temple   | Entered the Ecumenical Temple
  4676 | Temple   | Became a worshipper of Dithmenos the Shadowed
  5083 | D:6      | Noticed Menkaure
  5089 | D:6      | Killed Menkaure
  5090 | D:6      | Reached skill level 5 in Fighting
  5090 | D:6      | HP: 3/62 [steam dragon/ball of steam (16)]
  5341 | D:6      | Reached skill level 6 in Ranged Weapons
  5751 | D:6      | Reached XP level 9. HP: 57/68 MP: 9/9
  6100 | D:6      | Gained mutation: You expend magic power (3 MP) to
                  | strengthen your wands. [potion of mutation]
  6100 | D:6      | Gained mutation: Your mind is acute. (Int +4, Str/Dex -1)
                  | [potion of mutation]
  6236 | D:7      | Reached skill level 5 in Armour
  6595 | D:7      | Reached skill level 5 in Dodging
  6825 | D:7      | Reached * piety under Dithmenos
  6841 | D:7      | Reached skill level 1 in Evocations
  6872 | D:7      | Reached skill level 1 in Invocations
  6994 | D:7      | Reached skill level 7 in Ranged Weapons
  7140 | D:7      | Reached XP level 10. HP: 72/77 MP: 11/11
  7609 | D:7      | Noticed a komodo dragon
  7622 | D:7      | Killed a komodo dragon
  7623 | D:7      | Reached skill level 1 in Long Blades
  8576 | D:8      | Noticed Grum
  8596 | D:8      | Killed Grum
  8866 | D:8      | Reached skill level 8 in Ranged Weapons
  8950 | D:8      | Reached ** piety under Dithmenos
  9102 | D:8      | Noticed Maggie
  9127 | D:8      | HP: 1/78 [Maggie/bolt of fire (13)]
  9136 | D:8      | Killed Maggie
  9417 | D:8      | Reached XP level 11. HP: 6/84 MP: 13/13
  9657 | D:8      | Noticed Pikel
  9716 | D:8      | Killed Pikel
 10193 | D:9      | Found a flagged portal.
 10202 | Bailey   | Entered a bailey
 10790 | Bailey   | Acquired the +1 pair of boots of Polytheism {rElec}
 11049 | D:9      | Reached *** piety under Dithmenos
 11547 | D:8      | Reached skill level 9 in Ranged Weapons
 12053 | D:9      | Identified the +6 executioner's axe of Weish {freeze, rElec
                  | rF++}
 12242 | D:9      | Identified the +2 quarterstaff of Goih {freeze, rN+}
 12689 | D:9      | Reached skill level 11 in Ranged Weapons
 12689 | D:9      | Reached XP level 12. HP: 88/88 MP: 15/15
 12690 | D:9      | Lost mutation: Your mind is acute. (Int +4, Str/Dex -1)
                  | [potion of mutation]
 12690 | D:9      | Lost mutation: You expend magic power (3 MP) to strengthen
                  | your wands. [potion of mutation]
 12690 | D:9      | Gained mutation: You have hidden genetic potential. [potion
                  | of mutation]
 12690 | D:9      | Gained mutation: Your flesh is heat resistant. (rF+)
                  | [potion of mutation]
 12690 | D:9      | Gained mutation: You are partially covered in iridescent
                  | scales. (AC +2) [potion of mutation]
 12705 | D:10     | Entered Level 10 of the Dungeon
 12977 | D:10     | Found a staircase to the Lair.
 13275 | D:10     | Noticed Erolcha
 13279 | Abyss:1  | Cast into level 1 of the Abyss (Erolcha)
 13336 | Abyss:1  | Reached skill level 5 in Invocations
 13363 | Abyss:1  | Noticed a sixfirhy
 13374 | Abyss:1  | Killed a sixfirhy
 13382 | Abyss:1  | Noticed a wretched star
 13387 | Abyss:2  | Found a corrupted altar of Lugonu.
 13468 | Abyss:2  | Noticed a bone dragon
 13482 | D:10     | Escaped the Abyss
 13491 | D:10     | Killed Erolcha
 13992 | D:10     | Noticed a two-headed ogre
 14010 | D:10     | Slain by a two-headed ogre

Illustrated notes

Levels and vault maps discovered:
D:1:      ncdulo_watergridlock, layout_basic
D:2:      layout_loops_cross, hellmonk_ecumenical_altar_dog_temple
D:3:      minmay_razor_zed, layout_loops_ring,
          chequers_temple_overflow_statue_of_worship, minmay_misc_feat_square,
          minmay_stone_trees_small, bh_walls_and_bars
D:4:      cheibrodos_helix_gallery, layout_loops_cross,
          nicolae_sif_muna_condensation
D:5:      layout_basic, minmay_temple_entry_trees, lemuel_flamethrower_2
D:6:      layout_loops_ring, uniq_menkaure
D:7:      kennysheep_seaside_town, layout_layer_cave
D:8:      layout_basic, uniq_maggie, uniq_pikel, uniq_grum
D:9:      layout_small_grid, enter_bailey_2, hangedman_weighted_door
D:10:     minmay_s_stair_smasher, layout_layer_cave,
          grunt_lair_entry_orc_guard_hut, corner_web_ring, uniq_erolcha
Temple:   dpeg_five_rooms_temple

Skill      XL: |  1  2  3  4  5  6  7  8  9 10 11 12 |
---------------+-------------------------------------+-----
Dodging        | 2 3 4 5 6 7 8 |  8.2
Armour         | 1 2 3 4 5 6 7 |  7.5
Stealth        | 2 3 4 6 7 8 9 |  9.2
Fighting       | 3 4 5 6 7 8 |  8.0
Ranged Weapons | 5 6 7 8 11 | 11.9
Evocations     | 1 3 4 |  4.9
Invocations    | 1 3 4 5 |  5.3
Long Blades    | 2 3 4 |  4.0

Action                   |  1- 3 |  4- 6 |  7- 9 | 10-12 || total
-------------------------+-------+-------+-------+-------++-------
Melee: Scimitar          |       |       |       |   125 ||   125
       Great sword       |       |       |       |    83 ||    83
       Punch             |       |       |       |     3 ||     3
 Fire: Shortbow          |    66 |   180 |   268 |   359 ||   873
 Abil: Dig               |     4 |       |       |       ||     4
Evoke: Wand              |       |       |       |     1 ||     1
  Use: Potion            |     4 |     3 |     6 |    14 ||    27
       Scroll            |     2 |     9 |     1 |    11 ||    23
 Stab: Sleeping          |       |       |       |    14 ||    14
Armor: Leather armour    |     4 |    11 |     8 |       ||    23
       Ring mail         |       |       |    10 |       ||    10
       Steam dragon scal |       |       |    18 |   133 ||   151
Dodge: Dodged            |    15 |    54 |   146 |   637 ||   852

Table legend: (Time is in decaauts)
 A = Elapsed time spent in this place.
 B = Non-inter-level travel time spent in this place.
 C = Inter-level travel time spent in this place.
 D = Time resting spent in this place.
 E = Time spent auto-exploring this place.
 F = Levels seen in this place.
 G = Mean time per level.
                   A        B        C        D        E       F      G
               +--------+--------+--------+--------+--------+-----+--------+
         Total |  14231 |  13609 |    622 |    768 |  10547 |  14 | 1016.5 |
       Dungeon |  13350 |  12758 |    592 |    586 |  10195 |  10 | 1335.0 |
        Temple |     73 |     43 |     30 |      0 |     34 |   1 |   73.0 |
         Abyss |    204 |    204 |      0 |      0 |     60 |   2 |  102.0 |
        Bailey |    603 |    603 |      0 |    182 |    258 |   1 |  603.0 |
               +--------+--------+--------+--------+--------+-----+--------+

Top non-repeatable levels by time:
     D:7: 2413 daAuts
     D:8: 2216 daAuts
     D:6: 1655 daAuts
     D:9: 1425 daAuts
     D:5: 1317 daAuts
    D:10: 1100 daAuts
     D:3: 1042 daAuts
     D:4: 768 daAuts
     D:2: 723 daAuts
     D:1: 687 daAuts
  Bailey: 603 daAuts
 Abyss:1: 111 daAuts
 Abyss:2: 93 daAuts
  Temple: 73 daAuts
